 Dungeon Crawl Stone Soup version 0.30.1-11-g7821555f0a (webtiles) character file.

Game seed: 1329245481633223150

106 FinalFate the Digger (level 4, 0/24 HPs)
             Began as a Gargoyle Earth Elementalist on Jan 17, 2024.
             Slain by an orc wizard
             ... wielding a +0 dagger
              (3 damage)
             ... on level 3 of the Dungeon.
             The game lasted 00:09:45 (2038 turns).

FinalFate the Digger (Gargoyle Earth Elementalist)  Turns: 2038, Time: 00:09:45

Health: 0/24       AC:  8    Str: 12    XL:     4   Next: 84%
Magic:  2/8        EV: 12    Int: 17    God:
Gold:   146        SH:  0    Dex: 10    Spells: 3/9 levels left

rFire   . . .        i - staff of conjuration
rCold   . . .        (no shield)
rNeg    + . .        a - +0 robe
rPois   ∞            l - +0 helmet
rElec   +            (no cloak)
rCorr   .            o - +0 pair of gloves
SInv    .            d - +0 pair of boots
Will    .....        (no amulet)
Stlth   ++           (no ring)
HPRegen 0.24/turn    (no ring)
MPRegen 0.11/turn

%: no passive effects
@: no status effects
A: sickness immunity, AC +3, negative energy resistance 1, electricity
resistance, torment resistance 1, petrification resistance
a: no special abilities


You were on level 3 of the Dungeon.
You visited 1 branch of the dungeon, and saw 3 of its levels.

You collected 146 gold pieces.

Inventory:

Missiles
 g - 5 boomerangs (quivered)
Armour
 a - a +0 robe (worn)
 d - a +0 pair of boots (worn)
 l - a +0 helmet (worn)
 o - a +0 pair of gloves (worn)
Magical Staves
 i - a staff of conjuration (weapon)
Scrolls
 c - 2 scrolls of noise {unknown}
 e - 3 scrolls of immolation {unknown}
 j - a scroll of blinking {unknown}
 k - a scroll of fog {unknown}
 n - a scroll of poison {unknown}
 p - a scroll of identify {unknown}
 q - a scroll of vulnerability {unknown}
Potions
 b - a potion of magic
 f - a potion of brilliance {unknown}
 h - 2 potions of berserk rage {unknown}
 m - a potion of attraction {unknown}
 r - a potion of heal wounds {unknown}
 s - a potion of curing {unknown}
 t - a potion of mutation {unknown}
 u - 2 potions of might {unknown}


   Skills:
 * Level 0.2 Staves
 * Level 0.6 Throwing
 + Level 1.8 Dodging
 + Level 2.3 Stealth
 * Level 3.2 Spellcasting
 * Level 1.1 Transmutations
 * Level 4.8 Earth Magic


You had 3 spell levels left.
You knew the following spells:

 Your Spells              Type           Power      Damage    Failure   Level
a - Sandblast             Erth           38%        2d10      2%          1
b - Passwall              Tmut/Erth      10%        N/A       8%          2
c - Stone Arrow           Conj/Erth      32%        3d9       19%         3

Your spell library contained the following spells:

 Spells                   Type           Power      Damage    Failure   Level
 Petrify                  Tmut/Erth      12%        N/A       45%         4


Dungeon Overview and Level Annotations

Branches:
Dungeon (3/15)

Altars:

Annotations:
D:1 1 runed translucent door


Innate Abilities, Weirdness & Mutations

You are immune to sickness and miasma.
Your stone body is resilient. (AC +3)
You are immune to poison.
You resist negative energy. (rN+)
You are resistant to electric shocks. (rElec)
You are resistant to unholy torment.
You are immune to petrification.


Message History

You bump into the rock wall.
The hobgoblin barely misses you. Something hits you.
You hit the hobgoblin.
You kill the hobgoblin!
Something hits you but does no damage.
Unknown command.
You closely miss the orc.
The orc is severely wounded.
The orc hits you but does no damage. Something hits you.
You're too confused to move!
Something completely misses you. The orc closely misses you.
You hit the orc but do no damage.
The orc is severely wounded.
The orc misses you. Something hits you but does no damage.
You closely miss the orc.
The orc is severely wounded.
The orc hits you but does no damage. Something completely misses you.
You're too confused to move!
The orc barely misses you. Something hits you.
You closely miss the orc.
The orc is severely wounded.
Something hits you but does no damage. The orc hits you but does no damage.
The orc barely misses you. Something hits you but does no damage.
You miss the orc.
The orc is heavily wounded.
The orc hits you with a +0 hand axe. Something hits you.
* * * LOW HITPOINT WARNING * * *
You're too confused to cast spells.
You miss the orc.
The orc is heavily wounded.
The orc hits you but does no damage. Something hits you but does no damage.
You closely miss the orc.
The orc is heavily wounded.
You feel less confused. The orc hits you with a +0 hand axe.
* * * LOW HITPOINT WARNING * * *
Something completely misses you.
You hit the orc but do no damage.
The orc is heavily wounded.
The orc hits you but does no damage. Something hits you.
You die...

....... #. .....# #.
..... #. ##..#####
#.#######........
#.....#.....#### .
#.. #.#.#......#
....#..##.).#<#.#.##
#..))o@[..#.#.# #
###.##{...#.#.# #
......#.#.#
####>#.#.#..
#.#.#.### #.#....
#.###.# #.# .#


You could see an orc.

Vanquished Creatures
  2 orc wizards (D:3)
  3 adders (D:2)
  2 worms (D:2)
  An orc (D:3)
  4 ball pythons (D:2)
  4 bats (D:1)
  3 giant cockroaches
  2 goblins
  A hobgoblin (D:3)
  3 kobolds (D:1)
  A rat (D:1)
26 creatures vanquished.

Notes
Turn   | Place    | Note
-------+----------+-------------------------------------------
     0 | D:1      | FinalFate the Gargoyle Earth Elementalist began the quest
                  | for the Orb.
     0 | D:1      | Reached XP level 1. HP: 10/10 MP: 3/3
    10 | D:1      | Found a runed translucent door.
   204 | D:1      | Reached XP level 2. HP: 15/15 MP: 3/5
   220 | D:1      | Learned a level 2 spell: Passwall
   453 | D:1      | Found a faded altar of an unknown god.
   501 | D:1      | Reached skill level 4 in Earth Magic
  1038 | D:2      | Reached XP level 3. HP: 18/19 MP: 2/6
  1170 | D:2      | Reached skill level 1 in Transmutations
  1174 | D:2      | Learned a level 3 spell: Stone Arrow
  2002 | D:3      | Reached XP level 4. HP: 24/24 MP: 5/8
  2038 | D:3      | Slain by an orc wizard

Illustrated notes

Levels and vault maps discovered:
D:1:      dpeg_arrival_caged_fury, layout_basic, shapermc_ecumenical_altar_venn
D:2:      layout_basic, serial_bayou, serial_bayou_pond_a,
          serial_bayou_lagoon_a, serial_bayou_pond_d, serial_bayou_crossing,
          dk_vineyard_1, minmay_misc_feat_columns
D:3:      layout_basic, roderic_roman_lattice, pf_guarded_unrand_delatra,
          uniq_natasha

Skill      XL: |  1  2  3 |
---------------+----------+-----
Earth Magic    | 4 |  4.8
Transmutations | 1 |  1.1
Spellcasting   | 3 |  3.2
Staves         | |  0.2
Throwing       | |  0.6
Dodging        | |  1.8
Stealth        | |  2.3

Action                     |  1- 3 |  4- 6 || total
---------------------------+-------+-------++-------
  Melee: Unarmed           |     1 |       ||     1
         Staff             |       |    22 ||    22
   Cast: Sandblast         |    37 |     8 ||    45
 Armour: Robe              |    11 |    27 ||    38
  Dodge: Dodged            |    27 |    32 ||    59
